 Dungeon Crawl Stone Soup version 0.29.1-12-g30fa7ad0bf (webtiles) character file.

Game seed: 6618470061430437539

375 Powssss the Shield-Bearer (level 6, -1/56 HPs)
             Began as a Minotaur Fighter on Jan 11, 2023.
             Slain by a gnoll
             ... wielding a +0 club
             ... led by a gnoll bouda
              (5 damage)
             ... on level 5 of the Dungeon.
             The game lasted 00:26:15 (4289 turns).

Powssss the Shield-Bearer (Minotaur Fighter)        Turns: 4289, Time: 00:26:15

Health: -1/56      AC:  7    Str: 23    XL:     6   Next: 44%
Magic:  5/5        EV:  9    Int:  5    God:
Gold:   175        SH:  4    Dex:  9    Spells: 5/5 levels left

rFire   . . .      SeeInvis .   a - +1 long sword
rCold   . . .      Faith    .   c - +0 buckler
rNeg    . . .      Spirit   .   b - +0 scale mail
rPois   .          Reflect  .   (helmet restricted)
rElec   .          Harm     .   (no cloak)
rCorr   .          Rampage  .   (no gloves)
Will    .....                   (no boots)
Stlth   ..........              e - amulet of the acrobat
HPRegen 0.18/turn               (no ring)
MPRegen 0.09/turn               (no ring)

@: no status effects
A: horns 2, retaliatory headbutt
a: no special abilities


You were on level 5 of the Dungeon.
You visited 1 branch of the dungeon, and saw 5 of its levels.

You collected 175 gold pieces.

Inventory:

Hand Weapons
 a - a +1 long sword (weapon)
Missiles
 h - a throwing net (quivered)
 i - 6 javelins
 q - 8 poisoned darts
Armour
 b - a +0 scale mail (worn)
 c - a +0 buckler (worn)
 f - a +0 plate armour
Jewellery
 e - an amulet of the acrobat (around neck)
 v - a ring of flight
 w - a ring of see invisible
Scrolls
 g - a scroll of enchant armour
 j - a scroll of enchant weapon
 o - 2 scrolls of blinking
 s - a scroll of identify
 t - 2 scrolls of teleportation
Potions
 d - 2 potions of might
 k - a potion of lignification
 l - a potion of degeneration {unknown}
 m - a potion of haste {unknown}
 n - a potion of brilliance {unknown}
 p - a potion of heal wounds {unknown}
 r - a potion of attraction {unknown}
 u - a potion of flight {unknown}


   Skills:
 + Level 5.1 Fighting
 + Level 4.5 Long Blades
 + Level 1.7 Throwing
 + Level 5.1 Armour
 + Level 5.3 Shields


You had 5 spell levels left.
You didn't know any spells.
Your spell library contained the following spells:

 Spells                   Type           Power      Damage    Failure   Level
 Ensorcelled Hibernation  Hex/Ice        0%         N/A       94%         2
 Passwall                 Tmut/Erth      0%         N/A       94%         2
 Swiftness                Air            0%         N/A       99%         3
 Chain Lightning          Conj/Air       0%         N/A       100%        9
 Fire Storm               Conj/Fire      0%         5d1       100%        9
 Shatter                  Erth           0%         3d5*      100%        9


Dungeon Overview and Level Annotations

Branches:
Dungeon (5/15)
 Temple: D:4-7

Altars:
Hepliaklqana

Shops:
D:4 =*


Innate Abilities, Weirdness & Mutations

You have a pair of horns on your head.
You reflexively headbutt those who attack you in melee.


Message History

The gnoll bouda barks out a call to the hunt!
The gnoll picks up the pace!
The gnoll barely misses you.
The gnoll bouda hits you but does no damage.
You barely miss the gnoll bouda. You headbutt the gnoll bouda.
The gnoll bouda is almost dead.
The gnoll hits you with a +0 club.
The gnoll bouda gazes fiercely through you!
You feel your attacks grow feeble.
The gnoll bouda hits you but does no damage.
You barely miss the gnoll bouda.
The gnoll bouda is almost dead.
You block the gnoll's attack.
The gnoll bouda hits you but does no damage.
The gnoll hits you with a +0 club.
You closely miss the gnoll. Your headbutt misses the gnoll.
You block the gnoll bouda's attack. The gnoll hits you with a +0 club.
You hit the gnoll bouda.
You kill the gnoll bouda!
The gnoll misses you. The gnoll misses you.
Items here: )) [ †.
Your attacks no longer feel as feeble.
The gnoll attacks as you move away! The gnoll barely misses you.
The gnoll misses you.
You closely miss the gnoll. Your headbutt misses the gnoll.
The gnoll hits you but does no damage.
You barely miss the gnoll. The gnoll hits you but does no damage.
The gnoll hits you with a +0 club!
* * * LOW HITPOINT WARNING * * *
You closely miss the gnoll. The gnoll hits you with a +0 club!
* * * LOW HITPOINT WARNING * * *
You hit the gnoll. You headbutt the gnoll!
The gnoll is almost dead.
The gnoll hits you with a +0 club.
* * * LOW HITPOINT WARNING * * *
There is a stone staircase leading up here.
You can't go down here!
The gnoll hits you with a +0 club.
You die...

#
#####.####
.......@.#
.####.##g#
# #h# #.#
#)####...
#.)......
######.##


You could see a hound and a gnoll (swift).

Vanquished Creatures
  A phantom (D:4)
  A hound (D:4)
  A gnoll bouda (D:5)
  An orc priest (D:3)
  An iguana (D:4)
  An orc wizard (D:4)
  Robin (D:2)
  5 gnolls
  2 worms
  4 dart slugs
  6 orcs
  2 bats
  9 endoplasms
  2 giant cockroaches
  16 goblins
  11 hobgoblins
  A quokka (D:2)
  6 ball pythons
  2 frilled lizards (D:1)
  11 kobolds
  3 rats
87 creatures vanquished.

Vanquished Creatures (others)
  7 fungi (D:2)
  4 plants (D:2)
11 creatures vanquished.

Grand Total: 98 creatures vanquished

Notes
Turn   | Place    | Note
-------+----------+-------------------------------------------
     0 | D:1      | Powssss the Minotaur Fighter began the quest for the Orb.
     0 | D:1      | Reached XP level 1. HP: 19/19 MP: 0/0
   170 | D:1      | Reached XP level 2. HP: 15/27 MP: 1/1
   848 | D:2      | Noticed Robin
   856 | D:2      | Reached XP level 3. HP: 33/33 MP: 2/2
   879 | D:2      | Killed Robin
  1226 | D:2      | Found a faded altar of an unknown god.
  1675 | D:2      | Reached XP level 4. HP: 40/40 MP: 3/3
  3414 | D:4      | Found Deimib's Jewellery Emporium.
  3441 | D:4      | Reached XP level 5. HP: 39/47 MP: 4/4
  3574 | D:4      | Reached skill level 1 in Throwing
  3574 | D:4      | Reached skill level 5 in Shields
  3665 | D:4      | Found Qitsixt's Elemental Accessories.
  3674 | D:4      | Noticed a phantom
  3684 | D:4      | Killed a phantom
  3685 | D:4      | Reached skill level 5 in Fighting
  3685 | D:4      | Reached skill level 5 in Armour
  3685 | D:4      | Reached XP level 6. HP: 56/56 MP: 5/5
  3860 | D:4      | Found a hazy altar of Hepliaklqana.
  4253 | D:5      | Entered Level 5 of the Dungeon
  4289 | D:5      | Slain by a gnoll

Illustrated notes

Levels and vault maps discovered:
D:1:      saegor_arrival_miasma, layout_rooms
D:2:      layout_loops_cross, dreamdust_ecumenical_altar_grove, uniq_robin
D:3:      layout_basic, serial_rivers, chequers_serial_rivers_small_3,
          chequers_serial_rivers_micro_a, chequers_serial_rivers_micro_a,
          chequers_serial_rivers_micro_d, chequers_serial_rivers_large_a,
          minmay_misc_feat_encased
D:4:      layout_basic, mainiacjoe_overflow_24_doors, serial_shops, shop,
          nicolae_elemental_shop, minivault_11
D:5:      layout_loops_ring

Skill      XL: |  1  2  3  4  5 |
---------------+----------------+-----
Shields        | 4 5 |  5.3
Long Blades    | 3 4 |  4.5
Fighting       | 4 5 |  5.1
Armour         | 4 5 |  5.1
Throwing       | 1 |  1.7

Action                   |  1- 3 |  4- 6 || total
-------------------------+-------+-------++-------
Melee: Long sword        |   108 |   125 ||   233
       Headbutt          |    11 |    26 ||    37
 Fire: Sling             |       |     3 ||     3
Throw: Dart              |       |     2 ||     2
       Throwing net      |       |     1 ||     1
  Use: Scroll            |     3 |     4 ||     7
Armor: Scale mail        |    56 |    44 ||   100
Dodge: Dodged            |    39 |    73 ||   112
Block: Buckler           |    20 |    24 ||    44
